 Dungeon Sprint DCSS version 0.20-a0-640-g62ed22f (webtiles) character file.

97 esc the Tainter (level 7, -1/54 HPs)
             Began as an Octopode Venom Mage on Feb 12, 2017.
             Was a Priest of Sif Muna.
             Slain by a wraith (13 damage)
             ... in the Dungeon (Sprint VI: "Thunderdome").
             The game lasted 00:08:24 (508 turns).

esc the Tainter (Octopode Venom Mage)                Turns: 508, Time: 00:08:25

Health: -1/54      AC:  1    Str:  8    XL:     7   Next: 54%
Magic:  11/26      EV: 15    Int: 21    God:    Sif Muna [***...]
Gold:   25         SH:  0    Dex: 26    Spells: 4/19 levels left

rFire    + + +     SeeInvis .   (no weapon)
rCold    + . .     Gourm    .   (no shield)
rNeg     + + .     Faith    .   (helmet restricted)
rPois    .         Spirit   .   m - amulet "Eteum" {Inacc Dex+7}
rElec    +         Reflect  .   o - ring "Worhaheu" {+Fly rC+ Dex-2 Slay+3}
rCorr    .         Harm     .   s - ring of Satyriasis {EV-3 Str+2 Dex+7} (curse)
MR       .....     NoTele   +   p - ring "Golyl" {Ice rElec rN++ Slay+2}
Stlth    ++++......             u - ring "Badiulol" {Fire Dex+2}
Regen    0.2/turn               t - ring "Qelar" {*Drain rF+++ MP+9 Str-2 Int+2} (curse)
MPRegen  0.2/turn               (no ring)
                                (no ring)
                                (no ring)

@: radiating poison, very slightly contaminated, hasted and slowed
A: almost no armour, stealthy swim, amphibious, 8 rings, constrict 8, camouflage
1, gelatinous body 1
a: Divine Energy, Channel Magic, Renounce Religion, Evoke Flight


You were in the Dungeon.
You worshipped Sif Muna.
Sif Muna was most pleased with you.
You were not hungry.

You visited 1 branch You collected 340 gold pieces.
You spent 315 gold pieces at shops.

Inventory:

Hand Weapons
 g - a +0 hand axe
   (You took it off Terence in the Dungeon)
 r - a +0 flail
   (You took it off a gnoll in the Dungeon)
Jewellery
 m - the amulet "Eteum" (around mantle) {Inacc Dex+7}
   (You bought it in a shop in the Dungeon)

   [amulet of inaccuracy]

   It reduces the accuracy of all your attacks.
   It affects your dexterity (+7).
 n - the ring of Qir Emeirysa {-Tele +Inv rElec Int-4 Stlth-}
   (You bought it in a shop in the Dungeon)

   [ring of loudness]

   It affects your intelligence (-4).
   It insulates you from electricity.
   It lets you turn invisible.
   It prevents most forms of teleportation.
   It makes you less stealthy.
 o - the ring "Worhaheu" (left tentacle) {+Fly rC+ Dex-2 Slay+3}
   (You bought it in a shop in the Dungeon)

   [ring of protection from cold]

   It affects your dexterity (-2).
   It affects your accuracy and damage with ranged weapons and melee attacks
   (+3).
   It protects you from cold.
   It lets you fly.
 p - the ring "Golyl" (on tentacle) {Ice rElec rN++ Slay+2}
   (You bought it in a shop in the Dungeon)

   [ring of ice]

   It enhances your ice magic.
   It affects your accuracy and damage with ranged weapons and melee attacks
   (+2).
   It makes you vulnerable to fire.
   It protects you from cold.
   It insulates you from electricity.
   It greatly protects you from negative energy.
 s - the cursed ring of Satyriasis (right tentacle) {EV-3 Str+2 Dex+7}
   (You bought it in a shop in the Dungeon)

   [ring of evasion]

   It affects your evasion (-3).
   It affects your strength (+2).
   It affects your dexterity (+7).
   It has a curse placed upon it.
 t - the cursed ring "Qelar" (on tentacle) {*Drain rF+++ MP+9 Str-2 Int+2}
   (You bought it in a shop in the Dungeon)

   [ring of strength]

   It affects your strength (-2).
   It affects your intelligence (+2).
   It renders you almost immune to fire.
   It affects your magic capacity (+9).
   It causes draining when unequipped.
   It has a curse placed upon it.
 u - the ring "Badiulol" (on tentacle) {Fire Dex+2}
   (You bought it in a shop in the Dungeon)

   [ring of fire]

   It enhances your fire magic.
   It affects your dexterity (+2).
   It protects you from fire.
   It makes you vulnerable to cold.
Wands
 i - a wand of acid (0/15)
   (You found it in the Dungeon)
 j - a wand of iceblast (0/15)
   (You found it in the Dungeon)
Scrolls
 h - 3 scrolls of blinking {!r}
 k - 3 scrolls of fog
Potions
 c - a potion of curing
 d - 3 potions of heal wounds
 e - 3 potions of haste
 f - 2 potions of magic
 l - a potion of resistance
Books
 a - a Young Poisoner's Handbook
Comestibles
 b - a bread ration {@e1}
 q - a chunk of flesh {@w0}


   Skills:
 + Level 7.0 Fighting
 - Level 5.0 Dodging
 - Level 2.6 Stealth
 + Level 6.7 Spellcasting
 + Level 6.9 Conjurations
 + Level 9.1 Poison Magic
 + Level 6.4 Invocations


You had 4 spell levels left.
You knew the following spells:

 Your Spells              Type           Power        Failure   Level  Hunger
a - Sting                 Conj/Pois      ####         1%          1    None
b - Poisonous Vapours     Pois/Air       ####..       1%          2    None
c - Olgreb's Toxic Radia  Pois           #####...     2%          4    ###....
d - Venom Bolt            Conj/Pois      #####.....   12%         5    #####..
x - Mephitic Cloud        Conj/Pois/Air  ####....     2%          3    #......


Dungeon Overview and Level Annotations

Branches:
Dungeon (1/1)

Altars:
Cheibriados
Dithmenos
Fedhas
Gozag
Kikubaaqudgha
Makhleb
Okawaru
Qazlal
Ru
Sif Muna
Trog
Uskayaw
Vehumet
Xom
Yredelemnul
Zin
The Shining One
Beogh
Jiyva
Lugonu

Shops:
D *[%??*?*:[((!!!!


Innate Abilities, Weirdness & Mutations

You cannot wear most types of armour.
You are very stealthy in the water. (Stealth+)
You are amphibious.
You can wear up to eight rings at the same time.
You can use your tentacles to constrict eight enemies at once.
Your skin changes colour to match your surroundings (Stealth+).
Your rubbery body absorbs attacks. (AC +1, EV +1)


Message History

You continue memorising. x3
You finish memorising.
Spell assigned to 'c'.
Memorise Mephitic Cloud, consuming 3 spell levels and leaving 8?
You start memorising the spell.
You continue memorising.
Your magical contamination has completely faded away.
You continue memorising. x2
You finish memorising.
Spell assigned to 'x'.
This spell is slightly dangerous to cast.
Memorise Venom Bolt, consuming 5 spell levels and leaving 3?
You start memorising the spell.
You continue memorising. x5
You finish memorising.
Spell assigned to 'd'.
Here: a wraith (hasn't noticed you)
The floor.
Unknown command.
Okay, then.
Aim: a wraith The bolt of acid hits the wraith.
The wraith is splashed with acid.
The acid corrodes the wraith!
This wand has 1 charge left.
A spectral bat comes into view.
Aim: a wraith (heavily damaged, covered in acid)
The bolt of acid hits the wraith.
The wraith is splashed with acid.
The acid corrodes the wraith!
You destroy the wraith!
Sif Muna accepts your kill.
Your Poison Magic skill increases to level 9!
Your Invocations skill increases to level 6!
This wand has 0 charges left.
Some of the chunks of flesh in your inventory have rotted away.
A spectral giant cockroach comes into view.
The floor.
The spectral bat hits you but does no damage.
A wraith comes into view.
Okay, then.
You are too injured to fight recklessly!
You barely miss the spectral bat. The spectral bat misses you.
The spectral bat completely misses you.
The spectral bat hits you but does no damage.
You feel much better. The spectral bat hits you. The spectral bat misses you.
The spectral bat closely misses you.
You regained 29 hp, and now have 43/53 hp.
You feel yourself speed up. The spectral bat completely misses you.
The spectral bat closely misses you. The spectral bat barely misses you.
You are very lightly contaminated with residual magic.
You tentacle-slap the spectral bat. You squeeze the spectral bat.
You destroy the spectral bat!
Sif Muna accepts your kill.
Your Fighting skill increases to level 7!
You completely miss the spectral giant cockroach.
You tentacle-slap the spectral giant cockroach.
You destroy the spectral giant cockroach!
Sif Muna accepts your kill. The wraith barely misses you.
You closely miss the wraith.
You tentacle-slap the wraith but do no damage.
The wraith hits you! The wraith drains your vigour!
You feel yourself slow down.
You take 14 damage, and have 31/54 hp.
MASSIVE DAMAGE!!
This wand has no charges.
Okay, then.
You tentacle-slap the wraith but do no damage.
Your squeeze misses the wraith. The wraith closely misses you.
You barely miss the wraith. The wraith hits you! The wraith drains your vigour!
You feel as though you will be slow longer.
You take 7 damage, and have 24/54 hp.
The mass of ice explodes!
The iceblast engulfs the wraith.
The wraith partially resists.
This wand has 3 charges left.
The wraith barely misses you.
The mass of ice explodes!
The iceblast engulfs the wraith.
This wand has 2 charges left.
The wraith hits you!
* * * LOW HITPOINT WARNING * * *
The wraith drains your vigour!
You feel as though you will be slow longer.
You take 12 damage, and have 13/54 hp.
MASSIVE DAMAGE!!
The mass of ice explodes!
The iceblast engulfs the wraith.
The wraith partially resists.
This wand has 1 charge left.
The wraith closely misses you.
A spectral giant cockroach comes into view.
The mass of ice explodes!
The iceblast engulfs the wraith.
The wraith partially resists.
This wand has 0 charges left.
The wraith hits you.
* * * LOW HITPOINT WARNING * * *
The wraith drains your vigour!
You feel as though you will be slow longer.
You take 1 damage, and have 12/54 hp.
Okay, then.
Unknown command.
Aim: a wraith (heavily damaged) But poisonous clouds would do no harm to the wraith!
Okay, then.
Unknown command.
You begin to radiate toxic energy.
The wraith misses you.
You now have 11/26 mp.
Okay, then.
Okay, then.
Unknown command.
You tentacle-slap the wraith but do no damage.
Your squeeze misses the wraith. The wraith hits you!
You die...

#_......._# #_......._#
###.........##
#⌠...........⌠
######.8.........8.
##∩___......###.....
###∩........8.# #.8...
##.............###.....
#⌠....@.....###...###..
#⌠....ZW....# #.<.# #..
#⌠[.........###...###..
##...........†.###.....
###∩........8.# #.8...
##∩_._......###.....
######.8.........8.
#§......†....⌠
###.........##


You could see a spectral giant cockroach and a wraith.

Vanquished Creatures
  A wraith (D)
  A basilisk (D)
  A porcupine (D)
  An ice beast (D)
  A scorpion (D)
  Terence (D)
  4 hell rats (D)
  A gnoll (D)
  A worm (D)
  A spectral bat (D)
  4 giant cockroaches (D)
  A jackal (D)
  A quokka (D)
  A spectral giant cockroach (D)
20 creatures vanquished.

Notes
Turn   | Place    | Note
-------+----------+-------------------------------------------
     0 | D        | esc the Octopode Venom Mage began the quest for the Orb.
     0 | D        | Reached XP level 1. HP: 11/11 MP: 3/3
     2 | D        | Found an opulent altar of Gozag.
     2 | D        | Found a sacrificial altar of Ru.
     3 | D        | Found a bloodstained altar of Trog.
     3 | D        | Found a glowing golden altar of the Shining One.
     4 | D        | Found a blossoming altar of Fedhas.
     4 | D        | Found a roughly hewn altar of Beogh.
     5 | D        | Found Taez's Bee Food.
     5 | D        | Found a burning altar of Makhleb.
     5 | D        | Found Baiqypsirul's Identification Station.
     5 | D        | Round 1.
     6 | D        | Found Nolunt's Jewellery.
     6 | D        | Found Agapnuv's Advanced Armour.
    14 | D        | Bought a transparent ivory amulet for 45 gold pieces
    14 | D        | Bought a crude iron ring for 45 gold pieces
    14 | D        | Bought a coiled jade ring for 45 gold pieces
    14 | D        | Bought a flickering silver ring for 45 gold pieces
    14 | D        | Identified the amulet "Eteum" {Inacc Dex+7} (You bought it in a shop in the Dungeon)
    15 | D        | Identified the ring "Worhaheu" {+Fly rC+ Dex-2 Slay+3} (You bought it in a shop in the Dungeon)
    16 | D        | Identified the ring of Qir Emeirysa {-Tele +Inv rElec Int-4 Stlth-} (You bought it in a shop in the Dungeon)
    17 | D        | Identified the ring "Golyl" {Ice rElec rN++ Slay+2} (You bought it in a shop in the Dungeon)
    21 | D        | Noticed a scorpion
    23 | D        | Found a shadowy altar of Dithmenos.
    27 | D        | Found a viscous altar of Jiyva.
    28 | D        | Found Tuotri's Premium Goods.
    29 | D        | Found Usovaef's Miscellaneous Merchandise.
    29 | D        | Found Kayffeq's Basic Armour.
    30 | D        | Found a snail-covered altar of Cheibriados.
    30 | D        | Found a shimmering altar of Xom.
    30 | D        | Found a corrupted altar of Lugonu.
    30 | D        | Found Xeteucod's Weapon Rack.
    30 | D        | Killed a scorpion
    30 | D        | Reached skill level 2 in Fighting
    30 | D        | Reached skill level 3 in Dodging
    30 | D        | Reached skill level 3 in Spellcasting
    30 | D        | Reached skill level 3 in Conjurations
    30 | D        | Reached skill level 5 in Poison Magic
    30 | D        | Reached XP level 2. HP: 20/20 MP: 0/6
    30 | D        | Reached XP level 3. HP: 25/25 MP: 0/7
    34 | D        | Found an iron altar of Okawaru.
    36 | D        | Found a basalt altar of Yredelemnul.
    37 | D        | Found Ziaqoh's Do-It-Yourself Clinic.
    38 | D        | Found Vut Qejo's Bottled Wisdom.
    38 | D        | Found Raonuc's Distillery.
    39 | D        | Found a radiant altar of Vehumet.
    39 | D        | Found a stormy altar of Qazlal.
    39 | D        | Found Omiam's Distillery.
    43 | D        | Found an ancient bone altar of Kikubaaqudgha.
    44 | D        | Found a glowing silver altar of Zin.
    45 | D        | Found a deep blue altar of Sif Muna.
    46 | D        | Found a hide-covered altar of Uskayaw.
    46 | D        | Found Domagiy's Staff Store.
    46 | D        | Found Kasheq's Magic Scroll Shop.
    47 | D        | Found Toskud's Must-Have Magic.
    47 | D        | Found Pukloum's Magic Scroll Shop.
    53 | D        | Became a worshipper of Sif Muna the Loreminder
   117 | D        | Reached skill level 3 in Fighting
   138 | D        | Reached XP level 4. HP: 31/31 MP: 0/9
   185 | D        | Arena points: 6 (+6) [x1]
   200 | D        | Round 2.
   258 | D        | Learned a level 2 spell: Poisonous Vapours
   266 | D        | Reached * piety under Sif Muna
   290 | D        | Noticed an ice beast
   318 | D        | Killed an ice beast
   318 | D        | Reached skill level 4 in Fighting
   318 | D        | Reached skill level 4 in Dodging
   318 | D        | Reached skill level 4 in Spellcasting
   318 | D        | Reached skill level 4 in Conjurations
   318 | D        | Reached skill level 6 in Poison Magic
   318 | D        | Reached skill level 2 in Invocations
   318 | D        | Reached XP level 5. HP: 38/38 MP: 0/11
   342 | D        | Noticed Terence
   355 | D        | Killed Terence
   355 | D        | Reached ** piety under Sif Muna
   355 | D        | Arena points: 34 (+28) [x2]
   355 | D        | Reached skill level 5 in Dodging
   355 | D        | Reached skill level 3 in Invocations
   371 | D        | Bought a steaming steel ring for 45 gold pieces
   371 | D        | Identified the cursed ring of Satyriasis {EV-3 Str+2 Dex+7} (You bought it in a shop in the Dungeon)
   394 | D        | Round 3.
   395 | D        | Noticed a porcupine
   411 | D        | Noticed a basilisk
   413 | D        | Killed a porcupine
   413 | D        | Reached skill level 5 in Fighting
   413 | D        | Reached skill level 5 in Spellcasting
   413 | D        | Reached skill level 5 in Conjurations
   413 | D        | Reached skill level 7 in Poison Magic
   413 | D        | Reached skill level 4 in Invocations
   413 | D        | Reached XP level 6. HP: 29/45 MP: 1/14
   421 | D        | HP: 2/45 [hell rat (11)]
   423 | D        | Reached skill level 5 in Invocations
   423 | D        | Reached skill level 6 in Fighting
   423 | D        | Reached skill level 6 in Conjurations
   423 | D        | Reached skill level 8 in Poison Magic
   424 | D        | Killed a basilisk
   424 | D        | Reached *** piety under Sif Muna
   424 | D        | Arena points: 97 (+63) [x3]
   424 | D        | Reached skill level 6 in Spellcasting
   424 | D        | Reached XP level 7. HP: 3/53 MP: 0/16
   443 | D        | Bought a transparent granite ring for 45 gold pieces
   443 | D        | Bought a flickering glass ring for 45 gold pieces
   443 | D        | Identified the ring "Badiulol" {Fire Dex+2} (You bought it in a shop in the Dungeon)
   444 | D        | Identified the cursed ring "Qelar" {*Drain rF+++ MP+9 Str-2 Int+2} (You bought it in a shop in the Dungeon)
   462 | D        | Round 4.
   466 | D        | Learned a level 4 spell: Olgreb's Toxic Radiance
   470 | D        | Learned a level 3 spell: Mephitic Cloud
   472 | D        | Noticed a wraith
   476 | D        | Learned a level 5 spell: Venom Bolt
   483 | D        | Killed a wraith
   483 | D        | Reached skill level 9 in Poison Magic
   483 | D        | Reached skill level 6 in Invocations
   486 | D        | Noticed a wraith
   489 | D        | Reached skill level 7 in Fighting
   501 | D        | HP: 13/54 [wraith (12)]
   506 | D        | HP: 12/54 [wraith (2)]
   508 | D        | Slain by a wraith

Vault maps used:
D:        arena_sprint

Skill      XL: |  1  2  3  4  5  6  7 |
---------------+----------------------+-----
Fighting       | 2 3 4 5 6 7 |  7.0
Dodging        | 3 4 5 |  5.0
Spellcasting   | 3 4 5 6 |  6.7
Conjurations   | 3 4 5 6 |  6.9
Poison Magic   | 5 6 7 8 9 |  9.1
Invocations    | 2 4 5 6 |  6.4
Stealth        | |  2.6

Action                   |  1- 3 |  4- 6 |  7- 9 || total
-------------------------+-------+-------+-------++-------
Melee: Unarmed           |       |     7 |     9 ||    16
       Tentacles         |       |     2 |     1 ||     3
       Constrict         |       |     1 |       ||     1
 Cast: Sting             |    14 |    12 |       ||    26
       Poisonous Vapours |       |    10 |       ||    10
       Olgreb's Toxic Ra |       |       |     1 ||     1
Evoke: Wand              |       |     4 |     6 ||    10
  Use: Potion            |       |     1 |     2 ||     3
       Scroll            |       |     1 |       ||     1
Armor: Skin              |       |       |     2 ||     2
Dodge: Dodged            |     2 |     8 |    12 ||    22

Vault maps used:
D:        arena_sprint

Table legend:
 A = Turns spent in this place as a percentage of turns spent in the entire game.
 B = Non-inter-level travel turns spent in this place as a percentage of non-inter-level travel turns spent in the entire game.
 C = Inter-level travel turns spent in this place as a percentage of turns spent in this place.
 D = Turns resting spent in this place as a percentage of non-inter-level travel turns spent in this place.
 E = Turns spent auto-exploring this place as a percentage of non-inter-level travel turns spent in this place.
 F = Non-inter-level travel turns spent in this place divided by the number of levels of this place that you've seen.
                   A       B       C       D       E      F
               +-------+-------+-------+-------+-------+----------------------
         Total | 100.0 | 100.0 |   0.0 |   4.1 |   0.0 | 418.0
       Dungeon | 100.0 | 100.0 |   0.0 |   4.1 |   0.0 | 418.0
               +-------+-------+-------+-------+-------+----------------------

Table legend:
 A = Kills in this place as a percentage of kills in entire the game.
 B = Kills by you in this place as a percentage of kills by you in the entire game.
 C = Kills by friends in this place as a percentage of kills by friends in the entire game.
 D = Other kills in this place as a percentage of other kills in the entire game.
 E = Experience gained in this place as a percentage of experience gained in the entire game.
 F = Experience gained in this place divided by the number of levels of this place that you have seen.
                   A       B       C       D       E      F
               +-------+-------+-------+-------+-------+----------------------
         Total | 100.0 | 100.0 |  -nan |  -nan | 100.0 | 932.0
       Dungeon | 100.0 | 100.0 |  -nan |  -nan | 100.0 | 932.0
               +-------+-------+-------+-------+-------+----------------------
